 Dungeon Crawl Stone Soup version 0.23.2-1-ga50397a (webtiles) character file.

Game seed: 503730592915148021

137 IBeShadow the Charmwright (level 5, -1/43 HPs)
             Began as a Gnoll Skald on May 28, 2019.
             Slain by a gnoll
             ... wielding a +0 spear
              (8 damage)
             ... on level 3 of the Dungeon.
             The game lasted 00:03:03 (2172 turns).

IBeShadow the Charmwright (Gnoll Skald)             Turns: 2172, Time: 00:03:04

Health: -1/43      AC:  6    Str: 15    XL:     5   Next: 20%
Magic:  9/12       EV: 13    Int: 15    God:
Gold:   154        SH:  2    Dex: 14    Spells: 13/14 levels left

rFire    . . .     SeeInvis .   a - +0 spear
rCold    + + .     Gourm    .   (no shield)
rNeg     . . .     Faith    .   i - +0 ring mail
rPois    .         Spirit   .   v - +0 helmet
rElec    .         Reflect  +   (no cloak)
rCorr    .         Harm     .   (no gloves)
MR       .....                  (no boots)
Stlth    +.........             u - +2 amulet of reflection
HPRegen  0.14/turn              c - ring of protection from cold
MPRegen  0.13/turn              s - ring of protection from cold

@: very slightly contaminated, hasted, lightly drained, very quick
A: distributed training, fangs 1, strong nose
a: no special abilities


You were on level 3 of the Dungeon.
You were not hungry.

You visited 1 branch of the dungeon, and saw 3 of its levels.

You collected 154 gold pieces.

Inventory:

Hand Weapons
 a - a +0 spear (weapon)
Missiles
 h - 34 sling bullets
 j - 51 arrows
Armour
 i - a +0 ring mail (worn)
 v - a +0 helmet (worn)
Jewellery
 c - a ring of protection from cold (left hand)
 s - a ring of protection from cold (right hand)
 u - a +2 amulet of reflection (around neck)
Wands
 q - a wand of enslavement (6)
Scrolls
 b - 2 scrolls of remove curse {unknown}
 e - 7 scrolls of identify {unknown}
 f - 5 scrolls of teleportation {unknown}
 g - 2 scrolls of enchant weapon {unknown}
 k - a scroll of fog {unknown}
 n - 2 scrolls of blinking {unknown}
 o - 2 scrolls of noise {unknown}
Potions
 l - a potion of lignification {unknown}
 m - a potion of might {unknown}
 p - a potion of mutation {unknown}
 r - a potion of degeneration {unknown}
 t - a potion of haste
Comestibles
 d - 3 rations


   Skills:
 + Level 4.7(4.4) Fighting
 + Level 1.3(1.0) Short Blades
 + Level 1.3(1.0) Long Blades
 + Level 1.3(1.0) Axes
 + Level 1.3(1.0) Maces & Flails
 + Level 4.7(4.4) Polearms
 + Level 1.3(1.0) Staves
 + Level 1.3(1.0) Slings
 + Level 1.3(1.0) Bows
 + Level 1.3(1.0) Crossbows
 + Level 1.3(1.0) Throwing
 + Level 2.9(2.6) Armour
 + Level 4.7(4.4) Dodging
 + Level 1.3(1.0) Stealth
 + Level 1.3(1.0) Shields
 + Level 1.3(1.0) Unarmed Combat
 + Level 5.1(4.8) Spellcasting
 + Level 1.1(0.8) Conjurations
 + Level 1.1(0.8) Hexes
 + Level 5.5(5.2) Charms
 + Level 1.1(0.8) Summonings
 + Level 1.1(0.8) Necromancy
 + Level 1.1(0.8) Translocations
 + Level 1.1(0.8) Transmutations
 + Level 1.1(0.8) Fire Magic
 + Level 1.1(0.8) Ice Magic
 + Level 1.1(0.8) Air Magic
 + Level 1.1(0.8) Earth Magic
 + Level 1.1(0.8) Poison Magic
 + Level 1.5(1.2) Invocations
 + Level 1.3(1.0) Evocations


You had 13 spell levels left.
You knew the following spells:

 Your Spells              Type           Power        Failure   Level  Hunger
a - Infusion              Chrm           ###.         3%          1    None

Your spell library contained the following spells:

 Spells                   Type           Power        Failure   Level  Hunger
 Song of Slaying          Chrm           ###.....     5%          2    ##.....
 Shroud of Golubria       Chrm/Tloc      ##........   14%         2    ##.....
 Regeneration             Chrm/Necr      ##........   28%         3    ###....
 Spectral Weapon          Hex/Chrm       ##......     28%         3    ###....


Dungeon Overview and Level Annotations

Branches:
Dungeon (3/15)

Altars:


Innate Abilities, Weirdness & Mutations

Your experience applies equally to all skills.
You have very sharp teeth.
Your uncanny sense of smell can sniff out nearby items.


Message History

The jackal barks!
You hear a bark!
You hit the jackal. You bite the jackal, but do no damage.
The jackal is heavily wounded.
The gnoll closely misses you. The jackal closely misses you.
Casting: Infusion (safe; 3% risk of failure)
Confirm with . or Enter, or press ? or * to list all spells.
You miscast Infusion.
You are very lightly contaminated with residual magic.
Nothing appears to happen.
The jackal barely misses you.
The gnoll hits you from afar with a +0 spear.
* * * LOW HITPOINT WARNING * * *
Attack whom?
Press: ? - help, Dir - move target cursor, f/p - gnoll
Aim: a gnoll, wielding a +0 spear
Okay, then.
Okay, then.
It was a potion of haste.
You feel yourself speed up. You block the jackal's attack.
The gnoll hits you from afar with a +0 spear!
You die...

....# .#######.........#
∆##..... .................#
###...... .................#
.#....... .................#
........#+#######..........#
.....####.#######....>...###
....................h..###
..................)....#
..............g.@h.....#
......[...###..........#
......##### #..........#
......# #..........#
......#######..........#
.......................#
.....########..........#
.....# ############ ######


You could see a gnoll and 2 jackals.

Vanquished Creatures
  Ijyb (D:3)
  2 gnolls (D:3)
  4 adders (D:2)
  An ooze (D:2)
  2 dart slugs
  A leopard gecko (D:2)
  2 orcs (D:3)
  A ball python (D:1)
  A giant cockroach (D:3)
  3 goblins
  7 hobgoblins
  A jackal (D:3)
  5 kobolds
  2 quokkas
  5 bats (D:1)
  2 frilled lizards (D:1)
  8 rats
48 creatures vanquished.

Notes
Turn   | Place    | Note
-------+----------+-------------------------------------------
     0 | D:1      | IBeShadow the Gnoll Skald began the quest for the Orb.
     0 | D:1      | Reached XP level 1. HP: 20/20 MP: 6/6
   165 | D:1      | Reached XP level 2. HP: 25/26 MP: 7/7
   677 | D:1      | Reached XP level 3. HP: 31/31 MP: 9/9
   891 | D:2      | Reached skill level 5 in Spellcasting
   930 | D:2      | Reached skill level 1 in Invocations
  1240 | D:2      | Reached skill level 1 in Short Blades
  1240 | D:2      | Reached skill level 1 in Long Blades
  1240 | D:2      | Reached skill level 1 in Axes
  1240 | D:2      | Reached skill level 1 in Maces & Flails
  1240 | D:2      | Reached skill level 1 in Staves
  1240 | D:2      | Reached skill level 1 in Slings
  1240 | D:2      | Reached skill level 1 in Bows
  1240 | D:2      | Reached skill level 1 in Crossbows
  1240 | D:2      | Reached skill level 1 in Throwing
  1240 | D:2      | Reached skill level 1 in Stealth
  1240 | D:2      | Reached skill level 1 in Shields
  1240 | D:2      | Reached skill level 1 in Unarmed Combat
  1240 | D:2      | Reached skill level 1 in Evocations
  1268 | D:2      | Reached XP level 4. HP: 34/38 MP: 11/11
  1878 | D:3      | Noticed Ijyb
  1901 | D:3      | Killed Ijyb
  1901 | D:3      | Reached skill level 1 in Conjurations
  1901 | D:3      | Reached skill level 1 in Hexes
  1901 | D:3      | Reached skill level 1 in Summonings
  1901 | D:3      | Reached skill level 1 in Necromancy
  1901 | D:3      | Reached skill level 1 in Translocations
  1901 | D:3      | Reached skill level 1 in Transmutations
  1901 | D:3      | Reached skill level 1 in Fire Magic
  1901 | D:3      | Reached skill level 1 in Ice Magic
  1901 | D:3      | Reached skill level 1 in Air Magic
  1901 | D:3      | Reached skill level 1 in Earth Magic
  1901 | D:3      | Reached skill level 1 in Poison Magic
  2121 | D:3      | Reached XP level 5. HP: 41/43 MP: 7/12
  2172 | D:3      | Slain by a gnoll

Skill      XL: |  1  2  3  4 |
---------------+-------------+-----
Spellcasting   | 5 |  5.1
Invocations    | 1 |  1.5
Short Blades   | 1 |  1.3
Long Blades    | 1 |  1.3
Axes           | 1 |  1.3
Maces & Flails | 1 |  1.3
Staves         | 1 |  1.3
Slings         | 1 |  1.3
Bows           | 1 |  1.3
Crossbows      | 1 |  1.3
Throwing       | 1 |  1.3
Stealth        | 1 |  1.3
Shields        | 1 |  1.3
Unarmed Combat | 1 |  1.3
Evocations     | 1 |  1.3
Conjurations   | 1 |  1.1
Hexes          | 1 |  1.1
Summonings     | 1 |  1.1
Necromancy     | 1 |  1.1
Translocations | 1 |  1.1
Transmutations | 1 |  1.1
Fire Magic     | 1 |  1.1
Ice Magic      | 1 |  1.1
Air Magic      | 1 |  1.1
Earth Magic    | 1 |  1.1
Poison Magic   | 1 |  1.1
Fighting       | |  4.7
Polearms       | |  4.7
Armour         | |  2.9
Dodging        | |  4.7
Charms         | |  5.5

Action                   |  1- 3 |  4- 6 || total
-------------------------+-------+-------++-------
Melee: Spear             |   132 |    95 ||   227
       Bite              |    18 |     8 ||    26
       Punch             |     1 |       ||     1
 Cast: Infusion          |       |     1 ||     1
  Use: Potion            |       |     1 ||     1
 Stab: Sleeping          |       |     1 ||     1
  Eat: Chunk             |     1 |     3 ||     4
Armor: Leather armour    |     9 |       ||     9
       Ring mail         |    20 |    20 ||    40
Dodge: Dodged            |    71 |    56 ||   127
Block: Other             |       |     4 ||     4
